AoeStats
← 我要干饭啦

Arena

509359688Analyzed
4v4 RM · 7d ago on Sep 26, 2026· 54m 59s· 8 players
Game mode
Random Map
Map size
Large (8 player)
Population
200
Speed
Normal
Resources
Standard
Victory
Conquest
Starting age
Dark Age
Ending age
Imperial Age
RankedLock teamsTeams togetherTeam positionsShared explorationLock speedFull tech treeHidden civsTurbo modeCheats
Victory
Defeat
🇨🇳 Ethiopians · China
1215
+16
🇨🇳 Chinese · China
1214
+16
🇨🇳 Franks · China
1214
+16
🇨🇳 Khmer · China
1176
+18
🇨🇳 Ethiopians · China
1271
-18
🇲🇴 Malay · Macao SAR China
1254
-18
🇨🇳 Jurchens · China
1247
-18
🇨🇳 Britons · China
1105
-12
QWE
8:26 Loom
10:11 Feudal Age
15:16 Castle Age
13:30 Double-Bit Axe
13:38 Horse Collar
17:15 Wheelbarrow
16:48 Town Watch
22:46 Fletching
23:13 Gold Mining
23:15 Stone Mining
28:41 Imperial Age
26:33 Hand Cart
27:17 Bodkin Arrow
27:23 Padded Archer Armor
28:43 Stone Shaft Mining
28:43 Gold Shaft Mining
28:23 Bow Saw
29:23 Leather Archer Armor
30:14 Conscription
30:16 Rocketry
31:53 Chemistry
31:13 Ballistics
31:05 Masonry
31:16 Bracer
31:47 Ring Archer Armor
30:48 Capped Ram
33:00 Elite Chu Ko Nu
34:43 Forging
34:33 Scale Mail Armor
36:41 Architecture
36:54 Rocketry
38:05 Iron Casting
37:45 Chain Mail Armor
37:32 Pikeman
38:12 Squires
43:32 Two-Man Saw
47:14 Architecture
47:00 Heavy Scorpion
先知后觉是也
11:26 Feudal Age
14:39 Castle Age
12:33 Double-Bit Axe
12:38 Horse Collar
15:34 Heavy Plow
15:47 Bow Saw
22:57 Gold Mining
23:57 Light Cavalry
24:50 Bloodlines
27:23 Forging
27:18 Scale Barding Armor
28:32 Husbandry
32:00 Imperial Age
30:11 Iron Casting
30:05 Chain Barding Armor
30:40 Gold Shaft Mining
30:00 Stone Mining
32:21 Devotion
32:15 Elite Battle Elephant
33:46 Tusk Swords
35:14 Blast Furnace
35:07 Wheelbarrow
34:17 Town Watch
34:17 Loom
37:17 Plate Barding Armor
40:22 Fortified Wall
40:31 Heavy Scorpion
42:29 Double Crossbow
42:39 Siege Engineers
42:54 Ballistics
47:12 Hand Cart
47:39 Hussar
Elder K
11:20 Feudal Age
12:23 Loom
15:11 Castle Age
13:17 Double-Bit Axe
28:13 Imperial Age
25:48 Stone Mining
26:40 Bow Saw
26:47 Gold Mining
27:06 Scale Barding Armor
27:45 Forging
28:13 Wheelbarrow
28:20 Gold Shaft Mining
28:02 Fortified Wall
28:29 Husbandry
29:25 Chain Barding Armor
28:28 Cavalier
29:51 Paladin
32:38 Iron Casting
32:26 Conscription
34:25 Blast Furnace
34:48 Pikeman
36:06 Plate Barding Armor
36:03 Murder Holes
37:09 Chemistry
35:52 Halberdier
37:07 Scale Mail Armor
36:39 Light Cavalry
37:44 Squires
38:10 Chivalry
38:12 Gambesons
38:46 Chain Mail Armor
44:55 Hand Cart
44:55 Masonry
46:13 Plate Mail Armor
48:44 Fletching
53:49 Hoardings
KONW
11:55 Feudal Age
15:35 Castle Age
13:30 Double-Bit Axe
13:29 Horse Collar
16:49 Loom
17:47 Scale Mail Armor
38:40 Bow Saw
38:34 Heavy Plow
39:17 Gold Mining
42:35 Wheelbarrow
42:05 Crossbowman
43:15 Thumb Ring
46:55 Imperial Age
45:17 Gold Shaft Mining
44:45 Fletching
45:02 Padded Archer Armor
45:27 Ballistics
46:32 Bodkin Arrow
46:55 Leather Archer Armor
46:53 Fortified Wall
47:07 Hand Cart
46:40 Town Watch
47:21 Arbalester
48:04 Bracer
48:51 Ring Archer Armor
49:27 Chemistry
49:46 Stone Mining
51:06 Conscription
52:19 Siege Engineers
我要干饭啦
10:14 Feudal Age
13:48 Castle Age
11:34 Double-Bit Axe
12:05 Horse Collar
14:58 Bow Saw
15:06 Heavy Plow
23:55 Wheelbarrow
23:50 Gold Mining
23:56 Stone Mining
25:40 Hand Cart
29:57 Imperial Age
27:15 Loom
27:15 Town Watch
28:59 Husbandry
29:09 Bloodlines
29:05 Scale Barding Armor
29:11 Forging
28:46 Treadmill Crane
29:30 Ballistics
29:17 Siege Engineers
30:56 Chain Barding Armor
31:12 Iron Casting
30:18 Elite Iron Pagoda
31:19 Conscription
30:32 Heavy Rocket Cart
31:36 Fortified Bastions
32:34 Plate Barding Armor
31:27 Capped Ram
32:55 Crop Rotation
33:03 Gold Shaft Mining
33:03 Stone Shaft Mining
33:36 Two-Man Saw
35:49 Blast Furnace
34:40 Fletching
34:39 Siege Ram
42:16 Masonry
42:01 Murder Holes
42:17 Fortified Wall
43:07 Chemistry
42:44 Hoardings
43:54 Architecture
44:50 Caravan
45:01 Guilds
49:29 Padded Archer Armor
49:25 Bodkin Arrow
长崎舞喜姬
8:51 Feudal Age
10:33 Double-Bit Axe
12:08 Horse Collar
15:26 Castle Age
14:29 Stone Mining
17:02 Gold Mining
23:54 Loom
25:04 Loom
32:47 Fletching
33:08 Forging
34:59 Husbandry
40:33 Imperial Age
37:39 Pikeman
38:20 Squires
何金银
10:03 Feudal Age
13:42 Castle Age
11:31 Double-Bit Axe
12:40 Horse Collar
18:20 Wheelbarrow
22:35 Bow Saw
23:01 Hand Cart
24:40 Loom
28:08 Imperial Age
25:39 Gold Mining
26:45 Fletching
26:55 Padded Archer Armor
27:21 Crossbowman
27:59 Bodkin Arrow
28:20 Heavy Plow
28:14 Arbalester
29:41 Bracer
29:56 Leather Archer Armor
29:56 Thumb Ring
31:51 Chemistry
30:45 Halberdier
31:27 Squires
31:22 Arson
32:47 Forging
32:38 Scale Mail Armor
34:16 Gold Shaft Mining
33:35 Stone Mining
36:57 Two-Man Saw
36:44 Ring Archer Armor
36:30 Chain Mail Armor
35:51 Capped Ram
38:18 Iron Casting
38:56 Plate Mail Armor
38:58 Ballistics
40:01 Conscription
39:10 Siege Ram
41:36 Blast Furnace
43:51 Stone Shaft Mining
无理我
10:43 Feudal Age
12:01 Loom
14:36 Castle Age
42:12 Pikeman
Connection lost

Rejoining the realm…

Still unreachable

The connection could not be restored.

Session expired

The server has moved on; the page needs a fresh start.